 Dungeon Crawl Stone Soup version 0.31.0-32-g396128a36d (webtiles) character file.

Game seed: 6430235347147502644

25 Gloo1 the Trooper (level 2, -2/27 HPs)
             Began as a Minotaur Berserker on Mar 14, 2024.
             Was a Follower of Trog.
             Succumbed to a scorpion's poison
             ... on level 3 of the Dungeon.
             The game lasted 00:09:58 (1056 turns).

Gloo1 the Trooper (Minotaur Berserker)              Turns: 1056, Time: 00:09:59

Health: -2/27      AC:  2    Str: 21    XL:     2   Next: 82%
Magic:  1/1        EV: 12    Int:  4    God:    Trog [*.....]
Gold:   76         SH:  0    Dex:  9    Spells: 1/1 levels left

rFire   . . .        a - +0 mace
rCold   . . .        (no shield)
rNeg    . . .        b - +0 animal skin
rPois   .            (helmet restricted)
rElec   .            (no cloak)
rCorr   .            (no gloves)
SInv    .            (no boots)
Will    .....        (no amulet)
Stlth   +            (no ring)
HPRegen 0.24/turn    (no ring)
MPRegen 0.07/turn

%: no passive effects
@: lethally poisoned (-2 -> -14)
A: horns 2, retaliatory headbutt, sense surroundings 1
a: Renounce Religion, Berserk


You were on level 3 of the Dungeon.
You worshipped Trog.
Trog was aware of your devotion.
You visited 1 branch of the dungeon, and saw 3 of its levels.

You collected 76 gold pieces.

Inventory:

Hand Weapons
 a - a +0 mace (weapon)
Armour
 b - a +0 animal skin (worn)
Scrolls
 g - a scroll of identify {unknown}
 h - a scroll of vulnerability {unknown}
 i - a scroll of fear {unknown}
Potions
 c - 2 potions of magic {unknown}
 d - a potion of ambrosia {unknown}
 e - a potion of brilliance {unknown}
 f - 2 potions of lignification {unknown}


   Skills:
 + Level 4.2 Fighting
 + Level 4.1 Maces & Flails
 + Level 2.4 Armour
 + Level 2.5 Dodging
 + Level 0.2 Stealth


You had one spell level left.
You didn't know any spells.
Your spell library was empty.

Dungeon Overview and Level Annotations

Branches:
Dungeon (3/15)

Altars:
Xom


Innate Abilities, Weirdness & Mutations

You have a pair of horns on your head.
You reflexively headbutt those who attack you in melee.
You passively map a small area around you.


Message History

You see here a giant cockroach corpse.
Welcome back, Gloo1 the Minotaur Berserker.
Trog says: Kill them all!
Press ? for a list of commands and other information.
You see here a giant cockroach corpse.
Found a dagger.
There is an escape hatch in the floor here.
There is an escape hatch in the floor here.
You slide downwards.
The hatch slams shut behind you.
Found a shimmering altar of Xom.
Found a glowing orb.
The scorpion barely misses you.
You hit the scorpion.
The scorpion is lightly wounded.
The scorpion closely misses you. You furiously retaliate!
You headbutt the scorpion. You hit the scorpion.
Your headbutt misses the scorpion.
The scorpion is almost dead.
The scorpion barely misses you. x2
You barely miss the scorpion. Your headbutt misses the scorpion.
The scorpion is almost dead.
The scorpion stings you!
You are poisoned.
The scorpion poisons you!
You closely miss the scorpion.
The scorpion is almost dead.
You feel very sick. The scorpion stings you.
You are lethally poisoned!
The scorpion poisons you!
You hit the scorpion but do no damage.
The scorpion is almost dead.
* * * LOW HITPOINT WARNING * * *
You feel very sick. The scorpion stings you.
* * * LOW HITPOINT WARNING * * *
The scorpion stings you.
* * * LOW HITPOINT WARNING * * *
You hit the scorpion.
The scorpion is almost dead.
You die...

, *### , , ,.. *
* * * .. , ,
######., # ,, *
*....... .# ,
.......###.#####
,
≈≈≈≈≈≈..........
,, ,
,.....≈.@........
,
####.≈s#.#......
.....≈...# ..###
, ** ._.#.≈.###*
.# , ..,#.≈. * ,#
# #.≈.,* * , ,
..≈[ * , * ~~
≈≈≈≈. * ,


You could see a scorpion.

Vanquished Creatures
  A dart slug (D:1)
  2 endoplasms
  A giant cockroach (D:2)
  2 goblins
  2 hobgoblins (D:1)
  4 jackals (D:1)
  A quokka (D:1)
  4 ball pythons
  A bat (D:1)
  3 kobolds
21 creatures vanquished.

Notes
Turn   | Place    | Note
-------+----------+-------------------------------------------
     0 | D:1      | Gloo1 the Minotaur Berserker began the quest for the Orb.
     0 | D:1      | Reached XP level 1. HP: 19/19 MP: 0/0
   487 | D:1      | Reached XP level 2. HP: 26/27 MP: 1/1
   506 | D:1      | Gained mutation: You passively map a small area around you.
                  | [potion of mutation]
  1049 | D:3      | Noticed a scorpion
  1049 | D:3      | Found a shimmering altar of Xom.
  1056 | D:3      | Succumbed to a scorpion's poison

Illustrated notes

Levels and vault maps discovered:
D:1:      dpeg_arrival_boxes_within_box, layout_basic, skrybe_limestone_x,
          serial_bayou_ford_a
D:2:      layout_rooms, minmay_misc_feat_nine_boxes
D:3:      layout_rooms, mainiacjoe_overflow_brackets,
          mainiacjoe_overflow_chevrons, serial_forest,
          infiniplex_forest_straight_1, infiniplex_forest_zigzag_1,
          infiniplex_forest_lined_room_3, infiniplex_forest_straight_3,
          infiniplex_forest_end_double, infiniplex_forest_end_3,
          infiniplex_forest_straight_2, minmay_misc_feat_room

Skill      XL: |  1  2 |
---------------+-------+-----
Fighting       | 4 |  4.2
Maces & Flails | 4 |  4.1
Armour         | |  2.4
Dodging        | |  2.5
Stealth        | |  0.2

Action                     || total
---------------------------++-------
  Melee: Mace              ||    42
         Headbutt          ||     3
         Punch             ||     1
    Use: Scroll            ||     2
         Potion            ||     1
 Armour: Animal skin       ||    36
  Dodge: Dodged            ||    36
